 Dungeon Crawl Stone Soup version 0.23.2-11-gf996548c65 (webtiles) character file.

Game seed: 17573252150543289238

82 TrebMcFLY the Chopper (level 4, -1/42 HPs)
             Began as a Deep Dwarf Fighter on June 4, 2019.
             Succumbed to a kobold's poison
             ... on level 2 of the Dungeon.
             The game lasted 00:03:12 (1007 turns).

TrebMcFLY the Chopper (Deep Dwarf Fighter)          Turns: 1007, Time: 00:03:13

Health: -1/42      AC:  9    Str: 21    XL:     4   Next: 21%
Magic:  4/4        EV:  7    Int:  8    God:
Gold:   72         SH:  9    Dex: 12    Spells: 3/3 levels left

rFire    . . .     SeeInvis .   a - +0 war axe
rCold    . . .     Gourm    .   c - +0 shield
rNeg     . . .     Faith    .   b - +0 scale mail
rPois    .         Spirit   .   (no helmet)
rElec    .         Reflect  .   (no cloak)
rCorr    .         Harm     .   (no gloves)
MR       .....                  e - +1 pair of boots
Stlth    ..........             (no amulet)
HPRegen  0.00/turn              (no ring)
MPRegen  0.09/turn              (no ring)

@: lethally poisoned (-1 -> -8), non-regenerating
A: damage resistance, heal wounds, sense surroundings 1, no regeneration
a: Heal Wounds


You were on level 2 of the Dungeon.
You were hungry.

You visited 1 branch of the dungeon, and saw 2 of its levels.

You collected 72 gold pieces.

Inventory:

Hand Weapons
 a - a +0 war axe (weapon)
Armour
 b - a +0 scale mail (worn)
 c - a +0 shield (worn)
 e - a +1 pair of boots (worn)
Scrolls
 j - 2 scrolls of enchant armour {unknown}
Potions
 d - a potion of might
 h - a potion of mutation {unknown}
 i - a potion of agility {unknown}
Comestibles
 f - 3 rations
 g - 3 chunks of flesh


   Skills:
 + Level 3.1 Fighting
 * Level 3.9 Axes
 + Level 3.7 Armour
 + Level 0.2 Dodging
 + Level 3.6 Shields


You had 3 spell levels left.
You didn't know any spells.
Your spell library was empty.

Dungeon Overview and Level Annotations

Branches:
Dungeon (2/15)

Altars:
Fedhas
Uskayaw


Innate Abilities, Weirdness & Mutations

You are resistant to damage.
You can heal yourself by infusing magical energy.
You passively map a small area around you.
You do not regenerate.


Message History

You feel very sick. You block the kobold's attack.
You closely miss the kobold.
The kobold is moderately wounded.
* * * LOW HITPOINT WARNING * * *
You feel very sick. You block the kobold's attack.
You hit the kobold but do no damage.
The kobold is moderately wounded.
* * * LOW HITPOINT WARNING * * *
You feel very sick. The kobold hits you but does no damage.
The kobold barely misses you.
You closely miss the kobold.
The kobold is moderately wounded.
* * * LOW HITPOINT WARNING * * *
You feel very sick. You block the kobold's attack.
Your shield and scale mail prevent you from hitting the kobold.
The kobold is moderately wounded.
You die...

######### *
#......[#
#.......#
........# ,
......(.# ,
......K.#### ,
......$@.(.##
.#########..#
, ....#####.#
, ,..........#
, ,...#####..#
* ##.#..(#.(#
.##.#...#..#
,*
#,...#####..#
,*
*#.##........#


You could see a kobold.

Vanquished Creatures
  Jessica (D:2)
  3 adders (D:2)
  An ooze (D:2)
  A dart slug (D:2)
  2 bats (D:1)
  A giant cockroach (D:1)
  3 goblins (D:1)
  4 hobgoblins (D:1)
  A frilled lizard (D:1)
  6 kobolds
  3 rats (D:1)
26 creatures vanquished.

Notes
Turn   | Place    | Note
-------+----------+-------------------------------------------
     0 | D:1      | TrebMcFLY the Deep Dwarf Fighter began the quest for the
                  | Orb.
     0 | D:1      | Reached XP level 1. HP: 20/20 MP: 1/1
   226 | D:1      | Reached XP level 2. HP: 21/27 MP: 2/2
   726 | D:2      | Reached XP level 3. HP: 23/34 MP: 3/3
   771 | D:2      | Noticed Jessica
   781 | D:2      | Killed Jessica
   788 | D:2      | Found a blossoming altar of Fedhas.
   944 | D:2      | Found a hide-covered altar of Uskayaw.
   947 | D:2      | Noticed a +0 dagger
   947 | D:2      | Noticed a +0 hand axe
   957 | D:2      | Reached XP level 4. HP: 22/42 MP: 4/4
   999 | D:2      | HP: 1/42 [poisoned by a kobold]
  1006 | D:2      | HP: 2/42 [poisoned by a kobold]
  1007 | D:2      | Succumbed to a kobold's poison

Skill      XL: |  1  2 |
---------------+-------+-----
Fighting       | 3 |  3.1
Axes           | 3 |  3.9
Armour         | |  3.7
Dodging        | |  0.2
Shields        | |  3.6

Action                   |  1- 3 |  4- 6 || total
-------------------------+-------+-------++-------
Melee: War axe           |    78 |    19 ||    97
 Abil: Heal Wounds       |       |     1 ||     1
Armor: Scale mail        |    31 |     9 ||    40
Dodge: Dodged            |    23 |     3 ||    26
Block: Shield            |    41 |    11 ||    52
